 Dungeon Sprint DCSS version 0.31-a0-345-g1ebeae05c6 (webtiles) character file.

Game seed: 5588124083394410043

185 Monkooky the Grappler (level 5, -3/61 HPs)
             Began as an Armataur Shapeshifter on July 22, 2023.
             Was an Initiate of Uskayaw.
             Slain by a troll (7 damage)
             ... in the Dungeon (Sprint IX: "|||||||||||||||||||||||||||||").
             The game lasted 00:02:07 (187 turns).

Monkooky the Grappler (Armataur Shapeshifter)        Turns: 187, Time: 00:02:09

Health: -3/61      AC: 24    Str: 23    XL:     5   Next: 37%
Magic:  5/5        EV:  1    Int: 11    God:    Uskayaw [......]
Gold:   0          SH:  0    Dex: 10    Spells: 4/4 levels left

rFire   . .          .
                       - Unarmed
rCold   . . .        (no shield)
rNeg    . . .        p - melded +1 chain mail
rPois   +            (helmet currently unavailable)
rElec   .            (cloak currently unavailable)
rCorr   .            (gloves currently unavailable)
SInv    .            (no barding)
Will    .....        (no amulet)
Stlth   +            o - +2 ring of protection
HPRegen 0.30/turn    n - +3 ring of intelligence
MPRegen 0.09/turn

%: no teleportation, roll
@: tree-form
A: stationary, stasis, torment immunity, boosted hp, large, rugged brown scales
3, (deformed body), (armoured tail), roll, long tongue, awkward tongue
a: Renounce Religion


You were in the Dungeon.
You worshipped Uskayaw.
Uskayaw was noncommittal.
You were a tree.
You visited 1 branch

Inventory:

Armour
 a - a +0 animal skin
 m - a +0 helmet
 p - a +1 chain mail (melded)
Jewellery
 n - a +3 ring of intelligence (right branch)
 o - a +2 ring of protection (left branch)
Talismans
 c - a beast talisman
Wands
 l - a wand of quicksilver (10)
Scrolls
 i - 2 scrolls of blinking
 k - 2 scrolls of amnesia
Potions
 d - a potion of invisibility
 e - 3 potions of heal wounds
 f - a potion of haste
 g - 4 potions of magic
 h - a potion of berserk rage
 j - 4 potions of curing


   Skills:
 + Level 0.8 Fighting
 + Level 0.0 Armour
 - Level 1.3 Dodging
 - Level 10.6 Unarmed Combat
 - Level 2.6 Shapeshifting


You had 4 spell levels left.
You didn't know any spells.
Your spell library was empty.

Dungeon Overview and Level Annotations

Branches:
Dungeon (1/1)

Altars:
Cheibriados
Dithmenos
Elyvilon
Fedhas
Gozag
Hepliaklqana
Kikubaaqudgha
Makhleb
Nemelex Xobeh
Okawaru
Qazlal
Ru
Sif Muna
Trog
Uskayaw
Vehumet
Wu Jian
Xom
Yredelemnul
Zin
The Shining One
Jiyva
Lugonu


Innate Abilities, Weirdness & Mutations

You are a tree.
Your roots penetrate the ground, keeping you stationary.
You cannot be teleported.
You are immune to unholy pain and torment.
Your maximum health is greatly increased.
Your equipment is partially melded.
(You are completely covered in rugged brown scales. (AC +3, +7% HP))
((Armour fits poorly on your strangely shaped body.))
((You have a long armoured tail.))
You roll when moving toward enemies. (Rampage)
Your long tongue fully drains potion bottles. (2x potion effects)
Your tongue gives you trouble enunciating. (1.5x scroll delay)


Message History

You start removing your armour.
You continue taking off your +0 animal skin. x4
You finish taking off your +0 animal skin.
You start putting on your armour.
You continue putting on your +1 chain mail. x5
You finish putting on your +1 chain mail.
Unknown command.
You open the door.
A howler monkey, 2 trolls, a killer bee, a yak and a shadow come into view.
The howler monkey howls!
The troll shouts!
The killer bee buzzes angrily.
The yak bellows!
The howler monkey hoots and howls with incredible vigour!
You closely miss the troll.
Your tail-slap misses the troll.
The troll bites you. The troll claws you.
The troll claws you but does no damage.
Really quaff the potion of lignification?
Your transformation has ended.
You turn into a tree.
Your +1 chain mail melds into your body.
Your roots penetrate the ground.
You slurp down every last drop of the potion of lignification!
The troll bites you!
The troll claws you but does no damage. x2
Unknown command.
You barely miss the troll. You closely miss the troll.
The troll completely misses you. The troll claws you!
The troll claws you but does no damage.
You closely miss the troll. Your punch misses the troll. The troll bites you.
The troll claws you but does no damage. The troll claws you.
* * * LOW HITPOINT WARNING * * *
You barely miss the troll. The troll bites you but does no damage.
The troll barely misses you. The troll claws you.
* * * LOW HITPOINT WARNING * * *
You pummel the troll!!
The troll is heavily wounded.
The troll bites you.
* * * LOW HITPOINT WARNING * * *
The troll claws you!
* * * LOW HITPOINT WARNING * * *
The troll claws you!
You die...

▓.▓
▓.▓
▓)▓
▓.▓
▓[▓
▓.▓
▓.▓
▓.▓
▓♣▓
▓T▓
▓h▓
▓T▓
▓y▓
▓Y▓
▓W▓
▓.▓


You could see a yak, 2 trolls, a shadow, a howler monkey and a killer bee.

Vanquished Creatures
  A water moccasin (D)
  A scorpion (D)
  An adder (D)
  2 orcs (D)
  An endoplasm (D)
  A giant cockroach (D)
  A hobgoblin (D)
  A kobold (D)
  A rat (D)
10 creatures vanquished.

Notes
Turn   | Place    | Note
-------+----------+-------------------------------------------
     0 | D        | Monkooky the Armataur Shapeshifter began the quest for the
                  | Orb.
     0 | D        | Reached XP level 1. HP: 16/16 MP: 1/1
     7 | D        | Reached skill level 3 in Unarmed Combat
    11 | D        | Reached skill level 4 in Unarmed Combat
    19 | D        | Noticed a scorpion
    19 | D        | Noticed a water moccasin
    24 | D        | Killed a scorpion
    25 | D        | Reached skill level 7 in Unarmed Combat
    25 | D        | Reached XP level 2. HP: 23/23 MP: 2/2
    25 | D        | Reached XP level 3. HP: 28/28 MP: 3/3
    30 | D        | Reached XP level 4. HP: 32/36 MP: 4/4
    33 | D        | Reached skill level 8 in Unarmed Combat
    42 | D        | Killed a water moccasin
    43 | D        | Reached skill level 10 in Unarmed Combat
    43 | D        | Reached XP level 5. HP: 26/41 MP: 5/5
   102 | D        | Found a snail-covered altar of Cheibriados.
   102 | D        | Found a shadowy altar of Dithmenos.
   102 | D        | Found a white marble altar of Elyvilon.
   102 | D        | Found a blossoming altar of Fedhas.
   102 | D        | Found an opulent altar of Gozag.
   103 | D        | Found a hazy altar of Hepliaklqana.
   104 | D        | Found a viscous altar of Jiyva.
   105 | D        | Found an ancient bone altar of Kikubaaqudgha.
   106 | D        | Found a corrupted altar of Lugonu.
   107 | D        | Found a burning altar of Makhleb.
   108 | D        | Found a sparkling altar of Nemelex Xobeh.
   109 | D        | Found an iron altar of Okawaru.
   110 | D        | Found a stormy altar of Qazlal.
   111 | D        | Found a sacrificial altar of Ru.
   112 | D        | Found a shimmering blue altar of Sif Muna.
   113 | D        | Found a bloodstained altar of Trog.
   114 | D        | Found a hide-covered altar of Uskayaw.
   115 | D        | Found a radiant altar of Vehumet.
   116 | D        | Found an ornate altar of the Wu Jian Council.
   117 | D        | Found a shimmering altar of Xom.
   118 | D        | Found a basalt altar of Yredelemnul.
   119 | D        | Found a glowing silver altar of Zin.
   120 | D        | Found a glowing golden altar of the Shining One.
   122 | D        | Became a worshipper of Uskayaw the Reveller
   180 | D        | Noticed a troll
   180 | D        | Noticed a troll
   180 | D        | Noticed a yak
   180 | D        | Noticed a shadow
   187 | D        | Slain by a troll

Illustrated notes

Levels and vault maps discovered:
D:        linesprint [early_d, line_temple, items_1, d_10, items_2, lair_1,
          lair_end, items_3, orc_1, orc_end, items_4, d_15, swamp_1, shoals_1,
          snake_1, spider_1, d_20, vaults_1, items_5, swamp_end, shoals_end,
          snake_end, spider_end, vaults_end, d_27, items_6, zot_1, zot_end,
          crypt_end, forest_end, elf_end, slime_end, tomb_end, abyss_end,
          pan_hell_end]

Skill      XL: |  1  2  3  4 |
---------------+-------------+-----
Unarmed Combat | 7 10 | 10.6
Fighting       | |  0.8
Dodging        | |  1.3
Shapeshifting  | |  2.6

Action                     |  1- 3 |  4- 6 || total
---------------------------+-------+-------++-------
  Melee: Unarmed           |    19 |    18 ||    37
         Tailslap          |       |     1 ||     1
    Use: Potion            |       |     2 ||     2
   Stab: Sleeping          |     1 |       ||     1
 Armour: Animal skin       |     3 |     2 ||     5
         Skin              |       |     5 ||     5
         Chain mail        |       |     1 ||     1
  Dodge: Dodged            |     9 |     6 ||    15

Table legend: (Time is in decaauts)
 A = Elapsed time spent in this place.
 B = Non-inter-level travel time spent in this place.
 C = Inter-level travel time spent in this place.
 D = Time resting spent in this place.
 E = Time spent auto-exploring this place.
 F = Levels seen in this place.
 G = Mean time per level.
                   A        B        C        D        E       F      G
               +--------+--------+--------+--------+--------+-----+--------+
         Total |    181 |    181 |      0 |     55 |     13 |   1 |  181.0 |
       Dungeon |    181 |    181 |      0 |     55 |     13 |   1 |  181.0 |
               +--------+--------+--------+--------+--------+-----+--------+

Top non-repeatable levels by time:
       D: 181 daAuts
